 Dungeon Crawl Stone Soup version 0.27.0-1-g7a089689b8 (webtiles) character file.

Game seed: 7190925411366027080

475 MajorAdolf the Covert (level 7, 0/67 HPs)
             Began as a Naga Wanderer on Aug 13, 2021.
             Splashed by a jelly's acid (1 damage)
             ... on level 4 of the Dungeon.
             The game lasted 00:09:57 (5332 turns).

MajorAdolf the Covert (Naga Wanderer)               Turns: 5332, Time: 00:09:57

Health: 0/67       AC: -15   Str: 17    XL:     7   Next: 10%
Magic:  7/7        EV:  9    Int: 15    God:
Gold:   174        SH:  3    Dex:  7    Spells: 6/6 levels left

rFire    . . .     SeeInvis +   g - +2 short sword (elec)
rCold    . . .     Faith    .   u - +0 buckler
rNeg     . . .     Spirit   .   d - +0 robe
rPois    +         Reflect  .   (no helmet)
rElec    .         Harm     .   f - +0 cloak
rCorr    .         Rampage  .   (no gloves)
Will     .....                  (no barding)
Stlth    ++++......             (no amulet)
HPRegen  0.21/turn              (no ring)
MPRegen  0.10/turn              (no ring)

@: short of breath, corroded, very slow
A: AC +2, large, see invisible, deformed body, poison resistance, slowness 2,
spit poison 1, naga tail 1
a: Spit Poison


You were on level 4 of the Dungeon.
You visited 1 branch of the dungeon, and saw 5 of its levels.
You also visited: Sewer.

You collected 174 gold pieces.

Inventory:

Hand Weapons
 a - a +2 dagger
 g - a +2 short sword of electrocution (weapon)
Missiles
 e - 48 stones
 h - 42 sling bullets
Armour
 d - a +0 robe (worn)
 f - a +0 cloak (worn)
 u - a +0 buckler (worn)
Jewellery
 l - a ring of resist corrosion
Scrolls
 j - a scroll of immolation {unknown}
 m - 2 scrolls of vulnerability {unknown}
 o - a scroll of identify {unknown}
 p - a scroll of fog {unknown}
 q - a scroll of blinking {unknown}
 t - a scroll of magic mapping {unknown}
Potions
 b - a potion of magic {unknown}
 c - 5 potions of curing
 i - a potion of brilliance {unknown}
 k - a potion of flight {unknown}
 n - a potion of degeneration {unknown}
 r - a potion of resistance {unknown}
 s - a potion of haste


   Skills:
 + Level 5.0 Fighting
 + Level 1.5 Short Blades
 - Level 2.0 Polearms
 - Level 1.5 Dodging
 + Level 8.8 Stealth
 + Level 1.0 Shields
 - Level 1.0 Evocations


You had 6 spell levels left.
You didn't know any spells.
Your spell library was empty.

Dungeon Overview and Level Annotations

Branches:
Dungeon (5/15)              Sewer (visited)
 Temple: D:4-7

Altars:
Elyvilon
Okawaru

Shops:
D:2 *


Innate Abilities, Weirdness & Mutations

Your serpentine skin is tough. (AC +2)
You have supernaturally acute eyesight. (SInv)
Armour fits poorly on your strangely shaped body.
Your system is resistant to poisons. (rPois)
You cover ground very slowly.
You can spit poison.
You have a snake-like lower body.


Message History

There is a stone staircase leading down here.
You hit the jelly.
Your hands burn!
The jelly is lightly wounded.
The jelly hits you but does no damage.
You hit the jelly.
Your hands burn!
The jelly is heavily wounded.
You block the jelly's attack.
You hit the jelly.
Your hands burn!
The jelly is severely wounded.
The jelly hits you. The acid corrodes you!
You are splashed with acid!
You hit the jelly.
Your hands burn!
The jelly is severely wounded.
The jelly hits you. The acid corrodes you!
You are splashed with acid!
You barely miss the jelly.
The jelly is severely wounded.
The jelly hits you. The acid corrodes you!
You are splashed with acid!
* * * LOW HITPOINT WARNING * * *
The jelly barely misses you.
Unknown command.
Press: ? - help, Shift-Dir - straight line, f - jelly
Aim: a jelly (severely wounded)
The splash of poison hits the jelly.
The jelly is almost dead.
The jelly hits you.
* * * LOW HITPOINT WARNING * * *
The acid corrodes you!
You are splashed with acid!
* * * LOW HITPOINT WARNING * * *
You feel better. The jelly hits you.
* * * LOW HITPOINT WARNING * * *
The acid corrodes you!
You are splashed with acid!
* * * LOW HITPOINT WARNING * * *
Unknown command.
You hit the jelly but do no damage.
Your hands burn!
* * * LOW HITPOINT WARNING * * *
The jelly is almost dead.
You block the jelly's attack.
Unknown command.
Unknown command.
You hit the jelly but do no damage.
Your hands burn!
You die...

...## #[#### ##..## ##.#
##..# #..#
####.####.##########
.###.#....# #......#
.......######......#
...................#
................J..#
................@..#
.............#######
#.#####.##...## #.###
#.####..## #...# #.#
##..# ###.###.######.#
...........##..##########
###.###.♣'♣♣♣+♣.........#
# #....#♣.....♣.........#


You could see a jelly.

Vanquished Creatures
  An ice beast (D:5)
  A black bear (D:4)
  2 scorpions (D:4)
  2 hounds
  3 adders
  A river rat (D:4)
  An adder skeleton (D:4)
  A worm (D:2)
  2 dart slugs
  An orc (D:4)
  9 ball pythons
  4 endoplasms
  4 giant cockroaches
  4 goblins
  5 hobgoblins
  8 jackals
  A quokka (D:3)
  5 bats
  6 frilled lizards
  A jackal skeleton (D:4)
  8 kobolds
  5 rats
75 creatures vanquished.

Notes
Turn   | Place    | Note
-------+----------+-------------------------------------------
     0 | D:1      | MajorAdolf the Naga Wanderer began the quest for the Orb.
     0 | D:1      | MajorAdolf set off with the following items: a +2 dagger, a
                  | potion of haste, 2 potions of curing, a +0 robe
     0 | D:1      | Reached XP level 1. HP: 19/19 MP: 1/1
   586 | D:1      | Reached skill level 5 in Stealth
   593 | D:1      | Reached XP level 2. HP: 26/26 MP: 2/2
  1398 | D:2      | Found a faded altar of an unknown god.
  1518 | D:2      | Reached XP level 3. HP: 33/33 MP: 3/3
  1827 | D:2      | Found Wuimos's General Store.
  2838 | D:3      | Reached skill level 6 in Stealth
  3153 | D:4      | Reached XP level 4. HP: 40/42 MP: 4/4
  3208 | D:4      | Found a glowing drain.
  3215 | D:4      | Noticed a black bear
  3247 | D:4      | Noticed a scorpion
  3261 | D:4      | Killed a black bear
  3262 | D:4      | Reached skill level 7 in Stealth
  3262 | D:4      | Reached XP level 5. HP: 10/50 MP: 5/5
  3269 | D:4      | Reached skill level 8 in Stealth
  3269 | D:4      | Reached XP level 6. HP: 7/58 MP: 6/6
  3284 | Sewer    | Entered a sewer
  4454 | D:4      | Found a white marble altar of Elyvilon.
  4631 | D:4      | Found an iron altar of Okawaru.
  4690 | D:4      | Reached skill level 1 in Short Blades
  4987 | D:5      | Entered Level 5 of the Dungeon
  5022 | D:5      | Noticed an ice beast
  5036 | D:5      | Killed an ice beast
  5037 | D:5      | Reached skill level 5 in Fighting
  5037 | D:5      | Reached skill level 1 in Shields
  5037 | D:5      | Reached XP level 7. HP: 38/67 MP: 7/7
  5329 | D:4      | HP: 2/67 [acid (9)]
  5332 | D:4      | Splashed by a jelly's acid

Illustrated notes

Levels and vault maps discovered:
D:1:      erik_arrival_orb_chamber, layout_loops_ring, minmay_cupped
D:2:      layout_loops_ring, serial_shops, shop, shapermc_ecumenical_altar_gd
D:3:      layout_rooms
D:4:      layout_rooms, general_overflow_altar,
          mainiacjoe_overflow_six_doors_small, portal_sewer_entry_a
D:5:      layout_basic, minmay_temple_entry_mist

Skill      XL: |  1  2  3  4  5  6 |
---------------+-------------------+-----
Stealth        | 5 6 7 8 |  8.8
Fighting       | 3 4 5 |  5.0
Short Blades   | 1 |  1.5
Shields        | 1 |  1.0
Polearms       | |  2.0
Dodging        | |  1.5
Evocations     | |  1.0

Action                   |  1- 3 |  4- 6 |  7- 9 || total
-------------------------+-------+-------+-------++-------
Melee: Dagger            |    36 |    30 |       ||    66
       Short sword       |       |    53 |     7 ||    60
 Abil: Spit Poison       |    47 |    20 |     1 ||    68
Evoke: Wand              |       |     3 |       ||     3
  Use: Scroll            |     1 |       |       ||     1
       Potion            |       |     2 |     1 ||     3
 Stab: Sleeping          |     1 |     8 |       ||     9
Armor: Robe              |     7 |    32 |     1 ||    40
Dodge: Dodged            |    16 |    41 |     1 ||    58
Block: Buckler           |       |       |     2 ||     2
